[Event "1st Uppsala Festival 2022"]
[Site "Uppsala"]
[Date "2022.08.10"]
[Round "4.3"]
[White "Sriram, Jha"]
[Black "Akesson, Ralf"]
[Result "1-0"]
[ECO "E46"]
[WhiteElo "2361"]
[BlackElo "2427"]
[Annotator "TA"]
[PlyCount "89"]
[EventDate "2022.08.09"]
[EventType "tourn"]
[EventCountry "SWE"]
[SourceTitle "playchess.com"]
[Source "ChessBase"]
[SourceQuality "1"]
[TimeControl "5400+30"]

1. d4 Nf6 2. c4 e6 3. Nc3 Bb4 4. e3 O-O 5. Nge2 c6 6. a3 {[%emt 0:00:24] E46: Nimzo-Indian: Rubinstein: 4 e3 0-0 5 Ne2 without early Bd3.} Ba5 7. b4 Bc7 8. g3 {[%emt 0:06:02] The position is equal.} d5 9. cxd5 cxd5 (9... exd5 $15 10. Qd3 Nbd7) 10. Bg2 $11 Nbd7 11. O-O Nb6 12. a4 a5 {[%emt 0:05:32] [#]} 13. b5 $146 ({Predecessor:} 13. bxa5 Rxa5 14. Ba3 Re8 15. Bb4 Ra6 16. Nc1 Bd7 17. Nd3 Bc6 18. Nc5 Ra8 19. Qe2 {0-1 (59) Meza,A (2101)-Real de Azua,E (2478) Buenos Aires 2017}) 13... e5 14. dxe5 Bxe5 15. Ba3 Re8 16. Bc5 Bg4 {[%emt 0:06:15] [#] aiming for ...Bxc3.} 17. Bd4 Rc8 {[%emt 0:06:22][%cal Oc8c3] Strongly threatening ...Rxc3!} 18. Bxe5 Rxe5 19. Qd4 Qd6 20. Rfc1 (20. h3 $5 Bxe2 21. Nxe2 $11) 20... h5 21. h3 Bf5 22. Nd1 Rce8 23. Qc5 Qd8 24. Qc7 R5e7 25. Qxd8 Rxd8 26. Nd4 Bg6 27. Nb2 Ne8 28. Rc5 Nc7 29. Rd1 (29. Nb3 $5 ) 29... Ne6 30. Rc3 (30. Rcc1 $5 ) 30... Red7 ({Black should play} 30... Nxd4 $11 31. Rxd4 Rdd7) 31. h4 Nxd4 32. Rxd4 Bf5 33. Bf1 Kf8 34. Bd3 Bg4 35. Bc2 g6 (35... Rc8 $11 {is superior.} 36. Rxc8+ Nxc8) 36. Kg2 Be6 37. Nd3 Ke7 $2 {[%emt 0:02:20] This move loses the game for Black.} (37... Ke8 $14) 38. Ne5 $18 Rd6 39. Rc7+ Ke8 40. Rxb7 Nc4 41. Nc6 Ra8 (41... Rc8 {was worth a try.} 42. Bb3 Rcxc6) 42. Bb3 {[%emt 0:00:50] [#] And now Bxc4 would win. White is clearly winning.} Rd7 43. Rxd7 Bxd7 44. Rxd5 Nb6 45. Rd6 {[%emt 0:00:44] Weighted Error Value: White=0.10 (very precise) /Black=0.30} 1-0

[Event "1st Uppsala Festival 2022"]
[Site "Uppsala"]
[Date "2022.08.10"]
[Round "4.4"]
[White "Sorensen, Hampus"]
[Black "Savitha Shri B"]
[Result "1-0"]
[ECO "E04"]
[WhiteElo "2376"]
[BlackElo "2278"]
[Annotator "TA"]
[PlyCount "103"]
[EventDate "2022.08.09"]
[EventType "tourn"]
[EventCountry "SWE"]
[SourceTitle "playchess.com"]
[Source "ChessBase"]
[SourceQuality "1"]
[TimeControl "5400+30"]

1. Nf3 Nf6 2. g3 d5 3. Bg2 c5 4. O-O Nc6 5. d4 e6 6. c4 dxc4 7. dxc5 Qxd1 8. Rxd1 Bxc5 9. Nbd2 c3 10. bxc3 {[%emt 0:00:27] [#]} h6 $146 {[%emt 0:08:06] Prevents Ng5. E04: Open Catalan: 5 Nf3.} (10... Bd7 $11) ({Predecessor:} 10... O-O 11. Nb3 Be7 12. Nfd4 Bd7 13. Nxc6 Bxc6 14. Bxc6 bxc6 15. Be3 Nd5 16. Bd4 c5 17. Nxc5 Bxc5 18. Bxc5 Rfc8 19. Bd4 Nxc3 20. Bxc3 Rxc3 {½-½ (30) Radjabov,T (2753)-Nepomniachtchi,I (2766) Madrid 2022}) 11. Nb3 Be7 12. Nfd4 Nxd4 {[%emt 0:03:38] White is slightly better.} 13. cxd4 Nd5 14. e4 Nc3 15. Rd3 Na4 (15... Ne2+ $11 16. Kh1 Nxc1 17. Rxc1 O-O) 16. Be3 (16. Na5 $16) 16... Bd7 17. d5 $36 {[%emt 0:03:22][%mdl 2048] Black is under strong pressure.} Bb5 18. Rd2 exd5 (18... Bb4 $1 $14) 19. exd5 $16 {[%emt 0:00:00] White leaves nothing to chance now.} Bd6 20. Nd4 Bd7 21. Rb1 b6 {[%emt 0:06:30] [#]} (21... Nb6 $142) 22. Ne6 $1 {[%emt 0:00:00] White is more active.} Rg8 {[%emt 0:02:20] [#]} (22... fxe6 $2 23. dxe6 Bxe6 24. Bxa8 $18) (22... f6 $16) 23. Re1 $1 $18 {[%emt 0:00:00][%cal Oe6c7] Threatens to win with Nc7+!} Rc8 {[%emt 0:03:10] [#]} (23... f5 24. Nc7+) 24. Nxg7+ $1 Kd8 {[%emt 0:02:14] [#]} (24... Rxg7 25. Bf4+) 25. Ne6+ Ke7 {[%emt 0:01:35] [#]} 26. Nc5 Bxc5 27. Bxc5+ {[%emt 0:00:00][%mdl 64] Discovered Attack (Double check)} Kf6 28. Bd4+ {[%emt 0:00:00] This bishop pair is nice.} Kg6 29. h4 Rge8 {[%emt 0:00:11] Prevents Re7.} 30. Rxe8 Rxe8 31. Bf3 Re1+ (31... h5 $142 32. Rc2 Nc5) 32. Kg2 h5 33. Rc2 {[%emt 0:00:00] Black must now prevent Rc7.} Bg4 $2 (33... Re7 34. Rc1 f6) 34. Rc4 b5 $2 (34... Nc5 35. Bxg4 hxg4 36. Bxc5 bxc5 37. Rxg4+ Kf6) 35. Rc6+ Kh7 36. Bxa7 {[%emt 0:00:50] Hoping for d6.} b4 37. Bxg4 hxg4 {[%emt 0:00:02][%mdl 4096] Endgame KRB-KRN} 38. Rc4 Nc3 (38... Re7 $142 39. Bd4 Nc3 40. Bxc3 bxc3 41. Rxc3 Rd7) 39. d6 {[%emt 0:00:38] Intending d7 and mate.} Ne2 40. d7 (40. Rxg4 $142 Rd1 41. Re4) 40... Rg1+ 41. Kh2 Rd1 42. Rxg4 ({Inferior is} 42. Bd4 Nxd4 43. Kg2 Nf3 44. Rxg4 Ne1+ 45. Kf1 Nc2+ 46. Ke2 Rxd7 $17) 42... Rxd7 43. Be3 Rb7 44. Bd2 Ra7 45. Bxb4 Rxa2 46. Bf8 f5 47. Rc4 f4 $2 (47... Ra1 {was called for.} 48. h5 Ra7) 48. g4 {[%emt 0:01:24] White is clearly winning.} f3 49. Rc7+ Kg6 50. Rg7+ Kf6 51. Rg5 Nd4 52. Bg7+ {[%emt 0:00:05] Weighted Error Value: White=0.39/Black=0.47} 1-0

[Event "1st Uppsala Festival 2022"]
[Site "Uppsala"]
[Date "2022.08.10"]
[Round "4.5"]
[White "Peng, Li Min"]
[Black "Trost, Edvin"]
[Result "1-0"]
[ECO "D12"]
[WhiteElo "2516"]
[BlackElo "2345"]
[Annotator "TA"]
[PlyCount "119"]
[EventDate "2022.08.09"]
[EventType "tourn"]
[EventCountry "SWE"]
[SourceTitle "playchess.com"]
[Source "ChessBase"]
[SourceQuality "1"]
[TimeControl "5400+30"]

1. c4 c6 2. Nf3 d5 3. d4 Nf6 4. e3 Bf5 5. Nc3 e6 6. Nh4 Be4 7. f3 Bg6 8. Qb3 Qc7 9. Bd2 {[%emt 0:00:08] D12: Slav Defence: 3 Nf3 Nf6 4 e3 Bf5.} Be7 10. cxd5 cxd5 11. Nxg6 {[%emt 0:00:07] The position is equal.} hxg6 12. O-O-O Nc6 13. Kb1 Rc8 14. Rc1 O-O 15. Qd1 e5 16. g4 {[%emt 0:18:06] [#]} exd4 $146 ({Predecessor:} 16... Rcd8 17. Be1 exd4 18. Bg3 Qb6 19. Na4 Qa5 20. exd4 Rfe8 21. a3 Rc8 22. h4 b5 {0-1 (41) Verstraeten,R (2356)-Ducarmon,Q (2483) Netherlands 2019}) 17. exd4 Nxd4 18. Nb5 {[%emt 0:00:54] Against Qd6} Qe5 {[%emt 0:00:44][%cal Of6e4] White must now prevent ...Ne4!} 19. Rxc8 Rxc8 20. Bc3 Rxc3 21. Nxc3 Bb4 22. Nb5 (22. Bd3 $1 $14) 22... Nc6 $1 $11 23. a3 $36 {[%emt 0:00:05][%mdl 2048] White has the initiative.} Ba5 24. Qc2 d4 {[%emt 0:11:37] [#]} (24... a6 $11 25. Nc3 Qe1+ 26. Ka2 (26. Qc1 Bxc3 27. g5 Nh5 $15) 26... Qe3) 25. Bc4 $1 $16 {[%emt 0:00:02] Threatens to win with Qxg6.} a6 26. Qxg6 $1 Qe7 {[%emt 0:00:25] This costs Black the game.} (26... Nd8 $16) 27. g5 $18 Ne8 {[%emt 0:01:15] [#] Inhibits Nd6.} (27... Nh7 $142) 28. Qh5 $1 {[%emt 0:00:46][%cal Og5g6] White wants to mate with g6!} Ne5 {[%emt 0:12:35] [#]} 29. g6 $1 Nxg6 30. Nxd4 Bb6 31. Nf5 Qf6 32. Re1 Nc7 33. Re4 {[%emt 0:01:26] Prevents Nf4.} Bc5 (33... Bf2 {keeps fighting.} 34. Qxg6 Qxg6 35. Ne7+ Kf8 36. Nxg6+ fxg6 37. Rf4+ Ke8) 34. Rg4 {[%emt 0:00:06] Intending Rxg6 and mate.} Ne6 35. Bxe6 Qxe6 {[%emt 0:00:01] [#]} 36. Nh6+ $1 gxh6 37. Qxc5 {[%emt 0:00:03][%mdl 4096] Endgame KQR-KQN} h5 38. Rg1 h4 39. Qg5 Kf8 40. Qd8+ Qe8 41. Qxe8+ Kxe8 {[%emt 0:00:01] KR-KN} 42. Kc2 Ke7 43. Kd3 Ke6 44. Ke4 f5+ (44... Ne5 $142 45. Rc1 Nc6) 45. Kd4 Nf4 {[%emt 0:00:05] And now ...Ne2+ would win.} 46. Rg7 b5 47. Rh7 h3 48. Rh6+ Kf7 49. Rxa6 {[%emt 0:00:08] Rb6 is the strong threat.} Kg7 50. Ke5 Nd3+ 51. Kxf5 {[%emt 0:00:05] Threatening mate with Rb6.} Nxb2 52. Kg4 {[%emt 0:00:07] White mates.} Nd3 53. Kxh3 Nc5 54. Rb6 Nd3 55. Rxb5 Nf4+ 56. Kg4 Ne6 57. a4 Nd4 58. Rb6 Nc2 59. a5 Ne3+ 60. Kg5 {[%emt 0:00:07] Weighted Error Value: White=0.09 (flawless) /Black=0.57} 1-0

[Event "1st Uppsala Festival 2022"]
[Site "Uppsala"]
[Date "2022.08.11"]
[Round "5.1"]
[White "Lindberg, Bengt"]
[Black "Larkin, Vladyslav"]
[Result "0-1"]
[ECO "B43"]
[WhiteElo "2370"]
[BlackElo "2455"]
[Annotator "TA"]
[PlyCount "130"]
[EventDate "2022.08.09"]
[EventType "tourn"]
[EventCountry "SWE"]
[SourceTitle "playchess.com"]
[Source "ChessBase"]
[SourceQuality "1"]
[TimeControl "5400+30"]

1. e4 c5 2. Nf3 e6 3. d4 cxd4 4. Nxd4 a6 5. Nc3 Qc7 6. Bd3 Nf6 7. O-O Nc6 8. Nxc6 dxc6 9. f4 e5 10. Kh1 Bd6 $1 {[%emt 0:00:39][%cal Re5f4] The main line 10...Bd6 scores better than 10...Bc5. B43: Sicilian: Kan Variation: 5 Nc3.} 11. f5 b5 12. Bg5 (12. a4 $5 ) 12... Be7 {[%emt 0:02:29] The position is equal.} 13. Qf3 Bb7 {[%emt 0:01:04] [#]} 14. Nd1 $146 ({Predecessor:} 14. a4 Rd8 15. Nd1 h6 16. Bh4 Rd4 17. axb5 cxb5 18. Nc3 O-O 19. Bxf6 Bxf6 20. Nd5 Bxd5 21. exd5 {½-½ (68) Hirneise,J (2311)-Shkuran,D (2420) Vaxjo 2016}) 14... c5 (14... O-O $11) 15. c4 $14 Bc6 16. Nc3 Rb8 17. Qe2 Qb7 18. b3 h6 19. Bd2 b4 20. Nd5 Bxd5 (20... O-O $16) 21. cxd5 $18 (21. exd5 $6 Bd6 $16) 21... a5 22. a4 bxa3 23. Bc4 ({Don't play} 23. Bxa5 $6 c4 24. Bxc4 (24. bxc4 O-O $14) 24... O-O $16) 23... O-O 24. Bxa5 (24. Rxa3 $18 Bd8 25. Qd3 (25. Bxa5 Ra8 $16)) 24... Ra8 $16 25. Bd2 {[%emt 0:02:18] This bishop pair is nice.} Rfb8 26. Ra2 Ne8 ({Black should try} 26... Ra7) 27. Bc3 Bf6 28. Rfa1 Nd6 (28... Qa7 $16) 29. Rxa3 $18 Rxa3 30. Rxa3 Ra8 31. Rxa8+ Qxa8 32. Bd3 Qb7 33. Qd1 Kh7 34. g3 Qa8 35. g4 (35. Qa1 $18 Qb7 36. Qa2 (36. Bxe5 Qxb3 37. Be2 Qe3 $17)) 35... Qb8 36. Be1 Bg5 37. Bf2 Qb4 38. Qc2 Nb7 39. Kg2 Qa5 {[%emt 0:00:39] Prevents Ba6.} 40. Be2 Bf4 41. h3 Bg5 42. Qc4 Qa2 43. h4 Be7 44. Qd3 Qb2 45. Kf3 (45. Be1 $16) 45... Qc1 $14 46. Kg2 {[%emt 0:00:05] Against Qh1+} (46. Bd1 $16) 46... Nd6 (46... Qb2 $1 $11 {keeps the balance.}) 47. Be3 Qa3 (47... Qe1 $1 $14) 48. g5 $36 {[%emt 0:00:37][%mdl 2048] White is in control.} Qb4 49. Bf3 (49. Qc2 $18) 49... hxg5 (49... c4 $1 $14 50. bxc4 Nxc4) 50. hxg5 $16 Qa3 (50... c4 $16 {was necessary.} 51. bxc4 Nxc4) 51. Bh5 $2 (51. Qb1 $18 Kg8 52. g6) 51... Kg8 ({Better is} 51... c4 $1 $11 52. Qc2 cxb3 53. g6+ Kh8) 52. g6 (52. Be2 $14) 52... f6 $2 (52... c4 $11 53. gxf7+ Kf8) 53. Be2 {[%emt 0:00:35] [#] Strongly threatening Qc2.} Qb4 54. Bf3 Qa3 (54... c4 $142 55. bxc4 Nxc4) 55. Be2 {[%emt 0:01:21] Black must now prevent Qc2.} Qb4 56. Bf3 Qa3 $1 57. Qd1 {[%emt 0:00:34] Threatens to win with Qh1.} Kf8 58. Bf2 {[%emt 0:00:15] Hoping for Qc2.} Qb2 {[%emt 0:00:51] Inhibits Qc2.} 59. Qd3 Kg8 (59... Qc1 $16 {was called for.} 60. Qe2 Qg5+ 61. Kf1 Qc1+ 62. Kg2 Qg5+ 63. Bg3 Qc1 64. Bf2) 60. Qa6 Qc2 61. Qa8+ Bf8 62. Qa4 ({White has to play} 62. Qa7 $18) 62... c4 $17 63. Qd7 $2 {[%emt 0:00:32][%mdl 8192] [#]} (63. Qa1 $17 Nxe4 64. Qa7) 63... cxb3 {[%emt 0:00:21] ( -> ...b2)} 64. Qe6+ Kh8 65. Qd7 b2 {[%emt 0:00:16] Weighted Error Value: White=0.63/Black=0.29 (precise)} 0-1

[Event "1st Uppsala Festival 2022"]
[Site "Uppsala"]
[Date "2022.08.11"]
[Round "5.2"]
[White "Akesson, Ralf"]
[Black "Johansson, Jan"]
[Result "1-0"]
[ECO "A35"]
[WhiteElo "2427"]
[BlackElo "2306"]
[Annotator "TA"]
[PlyCount "57"]
[EventDate "2022.08.09"]
[EventType "tourn"]
[EventCountry "SWE"]
[SourceTitle "playchess.com"]
[Source "ChessBase"]
[SourceQuality "1"]
[TimeControl "5400+30"]

1. Nf3 c5 2. c4 Nc6 3. Nc3 g6 4. e3 d6 5. h3 Nf6 6. d4 {[%emt 0:01:07][%cal Bd2d4,Bd4d5][%mdl 32] A35: Symmetrical English: 2 Nc3 Nc6 3 Nf3.} Bf5 7. g4 Bd7 8. d5 {[%emt 0:02:00] [#] White is slightly better.} Nb4 $146 ({Black should try} 8... Na5 $1 $14) ({Predecessor:} 8... Na5 9. e4 Bg7 10. Bd3 a6 11. Bd2 b5 12. b3 O-O 13. Kf1 Rb8 14. Kg2 e6 {1-0 (66) Sulava,N (2400)-Lisenko,A (2415) Djakovo 1994}) 9. e4 h5 10. g5 Nh7 11. a3 Na6 12. e5 {[%emt 0:01:28][%cal Oe5e6] White is more active.} Bg7 13. e6 (13. Bf4 $16) 13... Bxc3+ 14. bxc3 fxe6 15. Nh4 $36 {[%emt 0:04:06][%mdl 2048] White fights for an advantage.} Nf8 16. Bd3 (16. Qc2 $5 ) 16... Qa5 $1 17. Bd2 Rg8 {[%emt 0:19:40] [#]} (17... O-O-O $1 $11 {remains equal.}) 18. Nxg6 $1 $16 {[%emt 0:04:14][%mdl 576] Remove Defender} Nxg6 (18... Qa4 19. Qxa4) 19. Bxg6+ ({But not} 19. Qxh5 $6 O-O-O 20. Bxg6 Qa4 $14) 19... Rxg6 20. Qxh5 O-O-O (20... Kf7 $2 21. Qh7+ Ke8 22. Qxg6+ $18) 21. Qxg6 exd5 22. h4 Qa4 {[%emt 0:03:02] [#]} 23. h5 (23. Qd3 $1 $18) 23... Qxc4 {[%emt 0:00:33] Strongly threatening ...Nb8.} 24. h6 {[%emt 0:11:44][%cal Bh5h6,Bh6h7][%mdl 32] Black must now prevent h7.} Qg4 (24... Bg4 $2 25. f3 Kc7 26. fxg4 $18) 25. Qd3 {[%emt 0:09:50] Prevents Qf3.} c4 (25... Nc7 $16 {is a better defense.} 26. Qe2 Qf5) 26. Qe2 $18 ({Stronger than} 26. Qxd5 Bc6 27. Qd4 Qe6+ 28. Qe3 Qxe3+ 29. Bxe3 Bxh1 $17) 26... Qg2 $2 (26... Qf5 27. Be3 (27. h7 Rh8 $14) 27... Nc7) 27. O-O-O Bg4 28. Qxe7 {[%emt 0:02:26][%cal Oh6h7] Hoping for h7!} Nc5 {[%emt 0:01:23] [#]} (28... Bxd1 $142 29. Rxd1 Nc5) 29. h7 $1 {[%emt 0:04:09] Weighted Error Value: White=0.15 (very precise) /Black=0.33} 1-0

[Event "1st Uppsala Festival 2022"]
[Site "Uppsala"]
[Date "2022.08.11"]
[Round "5.3"]
[White "Stefansson, Vignir Vatnar"]
[Black "Sorensen, Hampus"]
[Result "1/2-1/2"]
[ECO "C69"]
[WhiteElo "2461"]
[BlackElo "2376"]
[Annotator "TA"]
[PlyCount "80"]
[EventDate "2022.08.09"]
[EventType "tourn"]
[EventCountry "SWE"]
[SourceTitle "playchess.com"]
[Source "ChessBase"]
[SourceQuality "1"]
[TimeControl "5400+30"]

1. e4 e5 2. Nf3 Nc6 3. Bb5 a6 4. Bxc6 dxc6 5. O-O f6 6. d4 exd4 7. Nxd4 Ne7 8. Be3 Ng6 9. Nd2 Bd6 {[%emt 0:10:02] C69: Ruy Lopez: Exchange Variation with 5 0-0 f6.} 10. Nf5 O-O {[%emt 0:00:44] [#]} 11. Nb3 $146 ({Predecessor:} 11. Nxd6 Qxd6 12. Nb3 Qxd1 13. Raxd1 b6 14. a4 c5 15. a5 Bb7 16. Rd7 Rf7 17. Rfd1 {½-½ (38) Nuber,K (2241)-Blaskowski,J (2270) Germany 2010}) 11... Re8 12. Qg4 Qd7 13. Rfe1 Qf7 14. Rad1 (14. Nxd6 $5 cxd6 15. Qg3 $11) 14... Kh8 ({Black should play} 14... Bxf5 $15 15. exf5 Ne5) 15. Nxd6 $11 cxd6 16. Qg3 Rxe4 17. Qxd6 Re8 18. Qd4 Ne5 19. Qc3 Qg6 (19... Bg4 $11 20. Rc1 Rad8) 20. Bf4 $1 $14 Bg4 21. Rc1 Bf3 {[%emt 0:01:41][%csl Gf3][%cal Rg6g2] [#]} 22. Bg3 Bd5 {[%emt 0:00:08] The position is equal.} 23. Nd4 h5 {[%emt 0:03:45] aiming for ...h4.} (23... Bxa2 $2 24. b3 $18) 24. h4 Rad8 (24... Bxa2 $2 25. b3 $18) 25. Ne2 Qf5 (25... Bxa2 $2 26. b3 $18) 26. Nf4 Bf7 (26... Bxa2 $2 27. b3 $16) 27. Rcd1 Rxd1 (27... Bxa2 $2 28. Rxd8 Rxd8 29. b3 $18) 28. Rxd1 Ng6 ({Don't do} 28... Bxa2 29. b3 $16) 29. Nxg6+ Bxg6 30. Rd2 Re1+ 31. Kh2 Re7 32. Qb4 Rd7 33. Rxd7 Qxd7 $11 {[%emt 0:00:05][%mdl 4096] Endgame KQB-KQB} 34. c3 Kh7 35. f3 Bf5 36. Qc5 Bg6 37. a4 Bf7 38. Bf4 Bg6 39. Qd6 Qxd6 40. Bxd6 a5 {[%emt 0:00:10] Weighted Error Value: White=0.07 (flawless) /Black=0.10 (very precise)} 1/2-1/2

[Event "1st Uppsala Festival 2022"]
[Site "Uppsala"]
[Date "2022.08.11"]
[Round "5.4"]
[White "Trost, Edvin"]
[Black "Sriram, Jha"]
[Result "1/2-1/2"]
[ECO "D93"]
[WhiteElo "2345"]
[BlackElo "2361"]
[Annotator "TA"]
[PlyCount "81"]
[EventDate "2022.08.09"]
[EventType "tourn"]
[EventCountry "SWE"]
[SourceTitle "playchess.com"]
[Source "ChessBase"]
[SourceQuality "1"]
[TimeControl "5400+30"]

1. d4 d5 2. c4 c6 3. Nf3 Nf6 4. Qb3 g6 5. Nc3 Bg7 6. Bf4 O-O 7. e3 e6 8. Be2 Nbd7 9. O-O {[%emt 0:02:40] D93: Grünfeld: 4 Nf3 Bg7 5 Bf4 0-0 6 e3.} Re8 10. h3 {[%emt 0:02:47] [#]} Nb6 $146 ({Predecessor:} 10... b6 11. Qc2 Bb7 12. cxd5 exd5 13. b4 b5 14. a4 a6 15. a5 Nh5 16. Bh2 f5 {1-0 (48) Huang,Q (2438)-Hoang,T (2410) Riadh 2017}) 11. Rac1 {[%emt 0:12:53] White is more active. White is slightly better.} Nxc4 12. Bxc4 dxc4 13. Qxc4 Nd5 14. Be5 Nxc3 15. Qxc3 f6 16. Bg3 Qd5 17. Nd2 e5 18. dxe5 fxe5 19. Nc4 Be6 20. Qb4 Qb5 21. Qxb5 cxb5 22. Nd6 Re7 23. Rc5 b6 24. Rc2 Bxa2 25. Ra1 (25. Nxb5 $14 Bb3 26. Rc3) 25... b4 26. Rc8+ ({Reject} 26. Rxa2 b3 27. Rxa7 (27. Nc8 $2 bxc2 28. Nxe7+ Kf8 $19) 27... Rexa7 $17) 26... Rxc8 27. Nxc8 Rc7 28. Rxa2 Rxc8 29. Rxa7 $11 {[%emt 0:00:04][%mdl 4096] Endgame KRB-KRB} e4 30. Ra4 Rc4 31. b3 Rc1+ 32. Kh2 Bc3 33. Bd6 b5 34. Ra5 Rd1 35. Bg3 Rb1 36. Rxb5 Rxb3 37. Be5 {[%emt 0:00:28] [#] Threatens to win with Bxc3.} Be1 38. Bg3 (38. Kg1 $5 ) 38... Rb2 39. f3 {[%emt 0:00:38] The position is equal.} Bxg3+ 40. Kxg3 exf3 41. gxf3 {[%emt 0:00:41] Weighted Error Value: White=0.07 (flawless) /Black=0.04 (flawless)} 1/2-1/2

[Event "1st Uppsala Festival 2022"]
[Site "Uppsala"]
[Date "2022.08.11"]
[Round "5.5"]
[White "Savitha Shri B"]
[Black "Peng, Li Min"]
[Result "0-1"]
[ECO "C55"]
[WhiteElo "2278"]
[BlackElo "2516"]
[Annotator "TA"]
[PlyCount "56"]
[EventDate "2022.08.09"]
[EventType "tourn"]
[EventCountry "SWE"]
[SourceTitle "playchess.com"]
[Source "ChessBase"]
[SourceQuality "1"]
[TimeControl "5400+30"]

1. e4 e5 2. Nf3 Nf6 3. Nc3 Nc6 4. Bc4 Nxe4 5. Bxf7+ Kxf7 6. Nxe4 d5 7. Ng3 e4 8. Ng1 Bc5 {[%emt 0:08:09][%cal Oh7h5] And now ...h5! would win. C55: Two Knights: 4 d3, 4 d4 exd4 5 e5 and Max Lange Attack.} 9. N1e2 (9. d3 $15) 9... h5 $1 $17 {[%emt 0:00:59][%cal Bh7h5,Bh5h4][%mdl 32] White must now prevent ...h4.} (9... Bg4 10. h3 Bxe2 11. Nxe2 $15) 10. d4 exd3 $1 {[%emt 0:00:53] Black is clearly better.} 11. Qxd3 {[%emt 0:01:22] [#]} h4 $1 {[%emt 0:00:06] [#] Active counter play!} 12. Ne4 $146 ({Predecessor:} 12. Nf5 Ne5 13. Qc3 Bxf2+ 14. Kxf2 Qf6 15. Qxc7+ Kg6 16. Qxg7+ Qxg7 17. Nxg7 Kxg7 18. Rf1 {1-0 (42) Lezovic,M (1815)-Manak,A (1942) Slovakia 2015}) 12... Bb4+ (12... dxe4 13. Qc4+ Be6 14. Qxc5 $11) 13. Nd2 {[%emt 0:00:52] [#]} Bg4 (13... h3 $1 $17 14. Rg1 Qf6) 14. f3 Be6 (14... Ne5 15. Qd4 h3 16. fxg4 $16 (16. Qxe5 hxg2 17. Rg1 Qh4+ 18. Kd1 Bd6 $11)) (14... Bh5 {looks sharper.} 15. Nf4 Qg5 16. c3 Qxf4 17. Qxd5+ Kf8) 15. c3 (15. O-O $1 $11 {keeps the balance.}) 15... Bc5 $36 {[%emt 0:00:16][%mdl 2048] Hoping for ...Ne5. Keeping White busy.} 16. f4 {[%emt 0:02:38] Against Ne5} (16. Nb3 $17 Bb6 17. Ned4 (17. Nf4 Qf6 $17)) 16... g6 17. Qb5 $2 {[%emt 0:03:11] White does not recover from this.} (17. Nb3 $17 {was the only chance.} Bf5 18. Qf3) 17... Bb6 18. Nf3 Re8 {[%emt 0:00:42] Threatens to win with ...Bf5.} 19. f5 (19. Kd1 $142) 19... Bxf5 $19 20. Kd1 Kg7 {[%emt 0:05:12] Black is clearly winning.} 21. Bg5 Qd7 {[%emt 0:00:02] ...h3 is the strong threat.} 22. h3 a6 23. Qb3 Na5 ({Don't go for} 23... Qe6 $2 24. Nf4 Qf7 25. Rf1 $19) 24. Qb4 Nc4 {[%emt 0:00:10] aiming for ...a5.} ({Worse is} 24... Qe6 25. Ned4 Qe4 26. Nxf5+ Qxf5 27. Qf4 $17) 25. Qb3 Be4 {[%emt 0:05:35] A strong pair of Bishops.} 26. Nfd4 c5 27. Nf3 Bxf3 28. gxf3 Qf5 {[%emt 0:00:05][%csl LRf3,LRg5] Weighted Error Value: White=0.81/Black=0.08 (flawless)} 0-1

[Event "1st Uppsala Festival 2022"]
[Site "Uppsala"]
[Date "2022.08.12"]
[Round "6.1"]
[White "Larkin, Vladyslav"]
[Black "Akesson, Ralf"]
[Result "1-0"]
[ECO "B17"]
[WhiteElo "2455"]
[BlackElo "2427"]
[Annotator "TA"]
[PlyCount "68"]
[EventDate "2022.08.09"]
[EventType "tourn"]
[EventCountry "SWE"]
[SourceTitle "playchess.com"]
[Source "ChessBase"]
[SourceQuality "1"]
[TimeControl "5400+30"]

1. e4 c6 2. d4 d5 3. Nd2 dxe4 4. Nxe4 Nd7 5. Ng5 Ngf6 6. Bd3 e6 7. N1f3 Bd6 8. Qe2 h6 9. Ne4 Nxe4 10. Qxe4 Nf6 {[%emt 0:01:38] 10...Qc7 is the fancy move.} 11. Qe2 Qc7 12. O-O {[%emt 0:10:36] [#] B17: Caro-Kann: Modern Line (4...Nd7).} a6 $146 ({Predecessor:} 12... b6 13. a4 Bb7 14. a5 Rd8 15. Bd2 O-O 16. b4 Rc8 17. axb6 axb6 18. Ba6 b5 19. Bxb7 Qxb7 {½-½ (37) Pena Gomez,M (2492)-Aronyak,G (2486) Barcelona 2022}) 13. c4 c5 14. dxc5 {[%emt 0:01:04] White is slightly better.} Bxc5 15. b3 b6 16. Bb2 Bb7 17. a3 Rd8 18. Rad1 Ng4 {[%emt 0:14:28] [#] Threatens to win with ...Bxf3.} 19. Ne5 h5 20. b4 Bd4 (20... Nxe5 $1 $11 {remains equal.} 21. Bxe5 (21. Qxe5 Qxe5 22. Bxe5 Bd4 $11) 21... Qc6) 21. Bxd4 $16 Rxd4 22. f4 Nxe5 23. fxe5 Rg4 24. Rf2 Rg5 25. Re1 (25. Bc2 $16) 25... h4 $11 26. Qe3 $36 {[%emt 0:01:15][%mdl 2048] White fights for an advantage.} Rhh5 {[%emt 0:04:38] [#]} (26... Rg4 $1 $11 {keeps the balance.}) 27. Qf4 {[%emt 0:01:51] White is more active.} (27. Be2 $1 $16 Rxg2+ 28. Rxg2) 27... h3 (27... f6 $14) 28. g4 $16 Rxe5 $2 {[%emt 0:01:40] This costs Black the game.} (28... Qe7 $16) 29. Rfe2 $18 Qc6 {[%emt 0:02:59] ( -> ...Qh1+)} 30. Be4 {[%emt 0:00:08][%mdl 64] Inhibits Qh1+. Skewer} Qxc4 (30... Rxe4 {is a better chance.} 31. Rxe4 Rh6) 31. gxh5 {[%emt 0:00:56] White is clearly winning.} Qd4+ 32. Qf2 Rg5+ 33. Kf1 Qd7 34. Qf4 Qc7 {[%emt 0:01:18] Weighted Error Value: White=0.20 (precise) /Black=0.51} 1-0